General information
- name: BNet
- type: Ladder team game (AT/RT)
- host: Battle.net
- saver: 00100001
map: Cherryville
- players: 8
- length: 26:41
- speed: Fast
- version: 1.26 W3XP
- replay type: Public
» download(178 KB)
Players
team 1 (loser)
5iTRAPi5 (
pink | 47 APM | 1228 actions | 26:02)
6 Warden
3 Fan of Knives
2 Blink
1 Spirit of Vengeance
» actions
| Basic commands | 5 | |
| Build / train | 83 | |
| Enter build submenu | 43 | |
| Enter hero's abilities submenu | 6 | |
| Remove unit from queue | 2 | |
| Right click | 495 | |
| Select / deselect | 470 | |
| Use ability | 124 | |
1228 total
» units
| Wisp | 35 | |
| Archer | 9 | |
| Hippogryph | 9 | |
| Druid of the Talon | 3 | |
| Chimaera | 1 | |
57 total
» upgrades
| Strength of the Moon | 3 | |
| Moon Armor | 2 | |
| Hippogryph Taming | 1 | |
| Improved Bows | 1 | |
| Marksmanship | 1 | |
| Druid of the Talon Training | 2 | |
| Strength of the Wild | 1 | |
| Reinforced Hides | 1 | |
| Nature's Blessing | 0 | |
| Corrosive Breath | 1 | |
13 total
» buildings
| Altar of Elders | 1 | |
| Moon Well | 15 | |
| Ancient of War | 2 | |
| Hunter's Hall | 1 | |
| Ancient Protector | 11 | |
| Tree of Life | 2 | |
| Tree of Ages | 1 | |
| Ancient of Wind | 2 | |
| Ancient of Wonders | 2 | |
| Tree of Eternity | 1 | |
| Chimaera Roost | 4 | |
42 total
» build order
00:10 Altar of Elders
00:17 Moon Well
01:32 Ancient of War
01:49 Moon Well
02:11 Ancient of War
02:23 Moon Well
02:56 Moon Well
03:29 Hunter's Hall
04:38 Ancient Protector
04:42 Ancient Protector
04:51 Ancient Protector
06:03 Ancient Protector
06:18 Moon Well
06:39 Ancient Protector
06:42 Ancient Protector
07:19 Tree of Life
08:05 Tree of Ages
08:11 Tree of Life
09:29 Ancient Protector
09:47 Moon Well
10:35 Ancient of Wind
10:45 Ancient of Wind
11:06 Ancient Protector
11:18 Ancient Protector
12:15 Moon Well
12:17 Moon Well
12:25 Ancient Protector
12:28 Ancient Protector
13:40 Ancient of Wonders
14:03 Moon Well
15:12 Tree of Eternity
21:13 Chimaera Roost
21:15 Chimaera Roost
21:17 Chimaera Roost
21:23 Chimaera Roost
21:50 Ancient of Wonders
22:17 Moon Well
22:20 Moon Well
23:05 Moon Well
23:06 Moon Well
23:09 Moon Well
23:11 Moon Well
» items
| Scroll of Town Portal | 1 | |
| Potion of Healing | 1 | |
2 total
ChengyB (
purple | 49 APM | 1312 actions | 26:40)
3 Warden
2 Shadow Strike
1 Blink
» actions
| Assign group hotkey | 278 | |
| Basic commands | 65 | |
| Build / train | 52 | |
| ESC pressed | 2 | |
| Enter build submenu | 27 | |
| Enter hero's abilities submenu | 3 | |
| Right click | 314 | |
| Select / deselect | 289 | |
| Select group hotkey | 226 | |
| Use ability | 56 | |
1312 total
» units
| Wisp | 21 | |
| Archer | 3 | |
| Hippogryph | 4 | |
| Goblin Shredder | 1 | |
| Mountain Giant | 3 | |
| Chimaera | 5 | |
37 total
» upgrades
| Strength of the Wild | 2 | |
| Reinforced Hides | 1 | |
| Ultravision | 1 | |
| Nature's Blessing | 1 | |
| Hardened Skin | 1 | |
| Abolish Magic | 1 | |
| Corrosive Breath | 1 | |
8 total
» buildings
| Moon Well | 11 | |
| Altar of Elders | 2 | |
| Ancient of War | 1 | |
| Hunter's Hall | 2 | |
| Tree of Ages | 1 | |
| Ancient of Wonders | 2 | |
| Ancient of Wind | 1 | |
| Tree of Eternity | 1 | |
| Ancient of Lore | 1 | |
| Chimaera Roost | 1 | |
| Tree of Life | 6 | |
29 total
» build order
00:21 Moon Well
00:42 Altar of Elders
01:05 Ancient of War
01:48 Moon Well
02:13 Moon Well
02:51 Hunter's Hall
02:56 Tree of Ages
04:24 Ancient of Wonders
04:49 Ancient of Wonders
05:15 Moon Well
06:09 Ancient of Wind
06:14 Moon Well
06:16 Tree of Eternity
06:40 Hunter's Hall
08:20 Ancient of Lore
09:04 Chimaera Roost
11:36 Tree of Life
13:18 Tree of Life
18:02 Tree of Life
18:13 Altar of Elders
18:17 Moon Well
18:19 Moon Well
18:20 Moon Well
18:26 Tree of Life
18:30 Moon Well
18:30 Moon Well
18:31 Moon Well
23:18 Tree of Life
24:08 Tree of Life
» items
X_Necr0manceR_X (
red | 39 APM | 1011 actions | 25:55)
8 Death Knight
3 Death Coil
3 Unholy Aura
1 Animate Dead
1 Death Pact
» actions
| Basic commands | 2 | |
| Build / train | 70 | |
| Enter build submenu | 11 | |
| Enter hero's abilities submenu | 8 | |
| Give item / drop item | 3 | |
| Remove unit from queue | 1 | |
| Right click | 588 | |
| Select / deselect | 243 | |
| Use ability | 85 | |
1011 total
» units
| Acolyte | 16 | |
| Ghoul | 6 | |
| Gargoyle | 16 | |
38 total
» upgrades
| Creature Attack | 3 | |
| Creature Carapace | 2 | |
5 total
» buildings
| Halls of the Dead | 1 | |
| Graveyard | 1 | |
| Ziggurat | 4 | |
| Crypt | 2 | |
| Altar of Darkness | 1 | |
| Nerubian Tower | 1 | |
| Tomb of Relics | 1 | |
| Black Citadel | 1 | |
12 total
» build order
00:46 Halls of the Dead
00:52 Graveyard
00:57 Ziggurat
01:28 Crypt
02:18 Altar of Darkness
02:45 Nerubian Tower
03:05 Tomb of Relics
03:36 Ziggurat
04:02 Crypt
04:07 Ziggurat
06:31 Ziggurat
07:38 Black Citadel
» items
| Rod of Necromancy | 2 | |
| Potion of Healing | 5 | |
| Potion of Mana | 1 | |
| Scroll of Healing | 1 | |
| Scroll of Town Portal | 3 | |
| Healing Salve | 1 | |
| Dust of Appearance | 1 | |
14 total
ObamaLies (
blue | 48 APM | 1019 actions | 21:05)
3 Tauren Chieftain
2 War Stomp
1 Endurance Aura
3 Shadow Hunter
2 Hex
1 Healing Wave
» actions
| Assign group hotkey | 92 | |
| Build / train | 60 | |
| Enter build submenu | 15 | |
| Enter hero's abilities submenu | 6 | |
| Give item / drop item | 1 | |
| Right click | 311 | |
| Select / deselect | 264 | |
| Select group hotkey | 212 | |
| Use ability | 57 | |
1019 total
» units
| Peon | 9 | |
| Grunt | 13 | |
| Troll Headhunter/Berserker | 4 | |
| Troll Witch Doctor | 5 | |
| Shaman | 2 | |
| Tauren | 2 | |
35 total
» upgrades
| Melee Weapons | 2 | |
| Spiked Barricades | 1 | |
| Armor | 1 | |
| Pillage | 1 | |
| Berserker Strength | 1 | |
| Ranged Weapons | 1 | |
| Witch Doctor Training | 2 | |
| Shaman Training | 1 | |
| Troll Regeneration | 1 | |
| Reinforced Defenses | 1 | |
| Berserker Upgrade | 1 | |
13 total
» buildings
| Orc Burrow | 8 | |
| Altar of Storms | 1 | |
| Barracks | 1 | |
| War Mill | 1 | |
| Voodoo Lounge | 1 | |
| Stronghold | 1 | |
| Watch Tower | 1 | |
| Spirit Lodge | 1 | |
| Fortress | 1 | |
| Tauren Totem | 1 | |
17 total
» build order
00:23 Orc Burrow
00:38 Altar of Storms
00:53 Barracks
01:40 Orc Burrow
02:20 War Mill
02:55 Voodoo Lounge
03:33 Orc Burrow
04:09 Stronghold
04:24 Watch Tower
05:26 Orc Burrow
06:58 Spirit Lodge
07:45 Orc Burrow
09:25 Fortress
09:38 Orc Burrow
10:31 Orc Burrow
11:30 Orc Burrow
14:14 Tauren Totem
» items
| Orb of Lightning | 1 | |
| Scroll of Town Portal | 1 | |
2 total
team 2 (winner)
cole.hates.hu (
orange | 60 APM | 1609 actions | 26:40)
5 Blademaster
3 Wind Walk
2 Critical Strike
4 Shadow Hunter
2 Hex
2 Healing Wave
» actions
| Assign group hotkey | 5 | |
| Build / train | 69 | |
| Enter build submenu | 17 | |
| Enter hero's abilities submenu | 9 | |
| Right click | 913 | |
| Select / deselect | 407 | |
| Select group hotkey | 39 | |
| Use ability | 150 | |
1609 total
» units
| Peon | 12 | |
| Troll Batrider | 22 | |
| Wind Rider | 6 | |
40 total
» upgrades
| Liquid Fire | 1 | |
| Reinforced Defenses | 1 | |
| Envenomed Spears | 1 | |
| Ranged Weapons | 1 | |
| Armor | 1 | |
5 total
» buildings
| Altar of Storms | 1 | |
| Orc Burrow | 6 | |
| Voodoo Lounge | 1 | |
| War Mill | 1 | |
| Stronghold | 1 | |
| Watch Tower | 2 | |
| Beastiary | 3 | |
| Fortress | 1 | |
16 total
» build order
00:08 Altar of Storms
00:12 Orc Burrow
00:23 Voodoo Lounge
01:19 War Mill
02:56 Stronghold
03:00 Watch Tower
04:04 Orc Burrow
04:45 Watch Tower
05:34 Beastiary
05:36 Fortress
06:24 Beastiary
07:16 Orc Burrow
08:17 Orc Burrow
10:32 Orc Burrow
11:46 Orc Burrow
19:05 Beastiary
» items
| Healing Salve | 4 | |
| Lesser Clarity Potion | 3 | |
| Orb of Lightning | 1 | |
| Scroll of Speed | 1 | |
| Tiny Great Hall | 1 | |
| Scroll of Town Portal | 1 | |
11 total
ObiWanKillNooby (
teal | 30 APM | 813 actions | 26:40)
5 Blademaster
3 Wind Walk
2 Critical Strike
3 Shadow Hunter
2 Healing Wave
1 Hex
2 Firelord
1 Summon Lava Spawn
1 Soul Burn
» actions
| Basic commands | 102 | |
| Build / train | 89 | |
| Enter build submenu | 19 | |
| Enter hero's abilities submenu | 10 | |
| Give item / drop item | 2 | |
| Remove unit from queue | 5 | |
| Right click | 207 | |
| Select / deselect | 317 | |
| Use ability | 61 | |
813 total
» units
| Peon | 16 | |
| Grunt | 4 | |
| Tauren | 10 | |
| Shaman | 12 | |
42 total
» upgrades
| Shaman Training | 2 | |
| Pulverize | 1 | |
| Melee Weapons | 3 | |
| Armor | 3 | |
| Spiked Barricades | 1 | |
| Reinforced Defenses | 1 | |
11 total
» buildings
| Altar of Storms | 1 | |
| Orc Burrow | 6 | |
| Barracks | 1 | |
| Stronghold | 4 | |
| Voodoo Lounge | 1 | |
| Fortress | 1 | |
| Great Hall | 1 | |
| War Mill | 1 | |
| Spirit Lodge | 1 | |
| Tauren Totem | 2 | |
| Watch Tower | 5 | |
24 total
» build order
00:09 Altar of Storms
00:16 Orc Burrow
00:41 Barracks
01:30 Orc Burrow
02:32 Stronghold
02:32 Stronghold
03:45 Orc Burrow
03:51 Voodoo Lounge
04:54 Fortress
05:39 Great Hall
06:06 War Mill
06:27 Spirit Lodge
08:04 Tauren Totem
08:05 Tauren Totem
10:51 Orc Burrow
10:56 Orc Burrow
11:08 Orc Burrow
24:25 Watch Tower
24:28 Watch Tower
24:33 Watch Tower
24:36 Watch Tower
24:39 Watch Tower
» items
| Healing Salve | 4 | |
| Orb of Lightning | 3 | |
| Scroll of Speed | 1 | |
| Scroll of Protection | 2 | |
| Scroll of Town Portal | 2 | |
| Tiny Great Hall | 1 | |
13 total
00100001 (
green | 62 APM | 1644 actions | 26:41)
4 Firelord
2 Summon Lava Spawn
2 Soul Burn
4 Beastmaster
2 Summon Quilbeast
2 Summon Hawk
4 Naga Sea Witch
2 Frost Arrows
2 Forked Lightning
» actions
| Assign group hotkey | 50 | |
| Basic commands | 122 | |
| Build / train | 77 | |
| ESC pressed | 8 | |
| Enter build submenu | 17 | |
| Enter hero's abilities submenu | 13 | |
| Give item / drop item | 3 | |
| Right click | 418 | |
| Select / deselect | 392 | |
| Select group hotkey | 435 | |
| Use ability | 109 | |
1644 total
» units
| Wisp | 22 | |
| Archer | 4 | |
| Glaive Thrower | 7 | |
| Druid of the Claw | 7 | |
40 total
» upgrades
| Ultravision | 1 | |
| Druid of the Claw Training | 2 | |
| Strength of the Wild | 3 | |
| Well Spring | 1 | |
| Mark of the Claw | 1 | |
| Reinforced Hides | 3 | |
| Strength of the Moon | 3 | |
| Nature's Blessing | 1 | |
15 total
» buildings
| Altar of Elders | 1 | |
| Ancient of War | 1 | |
| Moon Well | 7 | |
| Ancient of Wonders | 1 | |
| Tree of Ages | 1 | |
| Hunter's Hall | 1 | |
| Ancient of Lore | 2 | |
| Tree of Eternity | 1 | |
| Tree of Life | 4 | |
19 total
» build order
00:15 Altar of Elders
00:38 Ancient of War
01:15 Moon Well
01:48 Moon Well
02:19 Ancient of Wonders
04:46 Tree of Ages
04:48 Hunter's Hall
05:11 Moon Well
07:36 Ancient of Lore
07:39 Ancient of Lore
08:11 Tree of Eternity
08:15 Moon Well
09:11 Tree of Life
11:16 Moon Well
11:19 Moon Well
13:16 Moon Well
16:04 Tree of Life
22:20 Tree of Life
24:10 Tree of Life
» items
| Potion of Healing | 2 | |
| Staff of Preservation | 1 | |
| Scroll of Town Portal | 2 | |
5 total

»
NerZhuI (
yellow | 67 APM | 1779 actions | 26:40)
5 Warden
3 Fan of Knives
2 Blink
3 Pandaren Brewmaster
2 Breath of Fire
1 Drunken Haze
3 Naga Sea Witch
2 Forked Lightning
1 Frost Arrows
» actions
| Assign group hotkey | 18 | |
| Basic commands | 12 | |
| Build / train | 82 | |
| ESC pressed | 1 | |
| Enter build submenu | 21 | |
| Enter hero's abilities submenu | 11 | |
| Give item / drop item | 4 | |
| Right click | 429 | |
| Select / deselect | 374 | |
| Select group hotkey | 761 | |
| Use ability | 66 | |
1779 total
» units
» upgrades
| Strength of the Wild | 3 | |
| Well Spring | 1 | |
| Corrosive Breath | 1 | |
| Reinforced Hides | 3 | |
| Ultravision | 1 | |
9 total
» buildings
| Altar of Elders | 1 | |
| Moon Well | 8 | |
| Ancient of War | 1 | |
| Tree of Ages | 1 | |
| Ancient of Wonders | 1 | |
| Hunter's Hall | 1 | |
| Tree of Eternity | 1 | |
| Ancient of Wind | 1 | |
| Tree of Life | 2 | |
| Chimaera Roost | 3 | |
20 total
» build order
00:24 Altar of Elders
00:39 Moon Well
01:14 Ancient of War
01:43 Moon Well
02:34 Moon Well
02:46 Tree of Ages
03:33 Ancient of Wonders
04:06 Hunter's Hall
05:32 Tree of Eternity
05:38 Ancient of Wind
05:43 Moon Well
07:00 Tree of Life
08:31 Chimaera Roost
08:33 Chimaera Roost
08:35 Chimaera Roost
10:11 Moon Well
11:25 Moon Well
12:23 Moon Well
16:07 Moon Well
19:04 Tree of Life
» items
| Orb of Venom | 2 | |
| Potion of Healing | 5 | |
| Potion of Mana | 1 | |
| Lesser Clarity Potion | 3 | |
| Staff of Preservation | 1 | |
| Scroll of Town Portal | 1 | |
13 total
Chat log
(00:17 / Allies) NerZhuI: just to let u guys know i havent play in years
(00:21 / Allies) NerZhuI: :D
(01:07 / Allies) 00100001: We each have our troubles. You haven't played in a while, but I once lost to Michael Lowell. Which requires more courage?
(01:28 / Allies) NerZhuI: who the hell
(01:56 / Allies) cole.hates.hu: wait a minute
(02:00 / Allies) cole.hates.hu: do you know ghetto overlord
(02:04 / Allies) 00100001: yeah.
(02:09 / Allies) cole.hates.hu: dont fuck with me
(02:11 / Allies) cole.hates.hu: do you?
(02:14 / Allies) 00100001: I know that his mother once called him angel.
(02:20 / Allies) cole.hates.hu: Ok
(02:22 / Allies) cole.hates.hu: Nevermind.
(02:41 / Allies) 00100001: Nah, I do know him. He runs a forum now. Used to run a shitty blog.
(02:50 / Allies) cole.hates.hu: what forum?
(02:57 / Allies) 00100001: the-ghetto, what else?
(03:41 / Allies) 00100001: So that leaves the question... what U know about the ghetto?
(04:13 / Allies) cole.hates.hu: i played with him a lot
(04:17 / Allies) 00100001: oh
(04:31 / Allies) 00100001: did you used to go on the wgdf?
(04:50 / Allies) cole.hates.hu: ive heard of it
(04:53 / Allies) cole.hates.hu: dont remember what that is
(04:58 / Allies) 00100001: battle.net forums
(05:01 / Allies) 00100001: warcraft 3 general discussion
(05:05 / Allies) cole.hates.hu: oh
(05:07 / Allies) cole.hates.hu: not often
(05:12 / Allies) NerZhuI: wc3 looks dead now right
(05:23 / Allies) NerZhuI: when i play years ago it used to be live
(05:46 / Allies) 00100001: ladder's still fairly active
(05:53 / Allies) 00100001: but customs are completely dead now
(05:59 / Allies) NerZhuI: so no wonder
(06:04 / Allies) NerZhuI: nobody join any of those foooties game
(06:05 / Allies) 00100001: been like that the past two years
(06:18 / Allies) NerZhuI: erryone playing wow now!
(06:26 / Allies) 00100001: and dota
(06:27 / Allies) 00100001: and sc2
(06:35 / Allies) NerZhuI: dota is out?
(06:40 / Allies) 00100001: eh
(06:41 / Allies) 00100001: no
(06:47 / Allies) 00100001: i mean on garena
(06:49 / Allies) 00100001: and I guess LoL
(06:53 / Allies) NerZhuI: wats that lol
(07:01 / Allies) 00100001: basically like dota
(07:06 / Allies) 00100001: but it's it's own game
(07:14 / Allies) NerZhuI: i think i saw the trailer on youtube
(12:25 / All) 00100001: damnit blue
(12:26 / All) 00100001: You're so mean
(15:47 / Allies) 00100001: no tps?
(15:48 / Allies) NerZhuI: who got things to kil those hipo riders
(16:31 / All) ObiWanKillNooby: they are mass air
(18:51 / Allies) 00100001: on my way
(21:38 / All) ObiWanKillNooby: pinks going chims
(21:44 / All) ObiWanKillNooby: hurry up and attack him
(21:51 / All) NerZhuI: my chims will kill his!
(21:58 / All) 00100001: sounds good
(22:18 / All) NerZhuI: damn first game in years n i killin :D
(22:38 / All) X_Necr0manceR_X: GG
(22:40 / All) 00100001: gg
(22:42 / All) NerZhuI: gg
(22:43 / All) X_Necr0manceR_X: my team is noob
(22:45 / All) 00100001: k
(23:11 / All) NerZhuI: anybody know if big sean is performing on the ama!
(23:12 / All) 00100001: Whatever helps you sleep.
(24:58 / Allies) cole.hates.hu: rejuv me
(25:02 / Allies) cole.hates.hu: ty
(25:37 / All) X_Necr0manceR_X: wow
(25:43 / All) cole.hates.hu: ?
(25:45 / All) X_Necr0manceR_X: blue is fucking noob
(25:54 / All) cole.hates.hu: you massed gargs
(25:55 / All) cole.hates.hu: lol
(26:02 / All) ObiWanKillNooby: yeah mass garg is noob
(26:04 / All) ObiWanKillNooby: dumbass
(26:10 / All) 00100001: i like mass garg
(26:15 / All) 00100001: If it's not used to counter bats
(26:21 / All) NerZhuI: wait what happen i was afk
(26:39 / All) 00100001: damn